 Dungeon Crawl Stone Soup version 0.30.0-30-g96aa6591b8 (webtiles) character file.

Game seed: 4337832516758621491

126 Eitelfritz the Chopper (level 5, 0/47 HPs)
             Began as a Hill Orc Fighter on June 30, 2023.
             Slain by Sigmund
             ... wielding a +0 scythe
              (9 damage)
             ... on level 3 of the Dungeon.
             The game lasted 00:04:07 (1134 turns).

Eitelfritz the Chopper (Hill Orc Fighter)           Turns: 1134, Time: 00:04:08

Health: 0/47       AC: 12    Str: 21    XL:     5   Next: 10%
Magic:  5/5        EV:  6    Int:  8    God:
Gold:   116        SH:  4    Dex: 10    Spells: 4/4 levels left

rFire   . . .        a - +0 war axe
rCold   . . .        c - +0 buckler
rNeg    . . .        l - +0 plate armour
rPois   .            o - +0 helmet
rElec   .            (no cloak)
rCorr   .            (no gloves)
SInv    .            (no boots)
Will    .....        (no amulet) Stlth
                     (no ring)
HPRegen 0.27/turn    (no ring)
MPRegen 0.09/turn

%: no passive effects
@: mighty
A: no striking features
a: no special abilities


You were on level 3 of the Dungeon.
You visited 1 branch of the dungeon, and saw 3 of its levels.

You collected 116 gold pieces.

Inventory:

Hand Weapons
 a - a +0 war axe (weapon)
Armour
 c - a +0 buckler (worn)
 l - a +0 plate armour (worn)
 o - a +0 helmet (worn)
Scrolls
 b - a scroll of fog {unknown}
 g - a scroll of silence {unknown}
 i - 2 scrolls of identify {unknown}
 j - a scroll of teleportation {unknown}
 k - 2 scrolls of immolation {unknown}
Potions
 e - a potion of resistance {unknown}
 f - a potion of mutation {unknown}
 h - a potion of curing
 m - 2 potions of flight {unknown}
 n - a potion of attraction {unknown}


   Skills:
 + Level 4.4 Fighting
 + Level 4.7 Axes
 + Level 4.0 Armour
 + Level 0.6 Dodging
 + Level 3.8 Shields


You had 4 spell levels left.
You didn't know any spells.
Your spell library contained the following spells:

 Spells                   Type           Power      Damage    Failure   Level
 Summon Ice Beast         Ice/Summ       0%         N/A       100%        4
 Summon Mana Viper        Hex/Summ       0%         N/A       100%        5
 Monstrous Menagerie      Summ           0%         N/A       100%        7


Dungeon Overview and Level Annotations

Branches:
Dungeon (3/15)

Altars:

Annotations:
D:3 Sigmund


Message History

The orc priest shouts, "Join the one true god or die!"
You slash something! You miss something. You slash the orc priest!
You kill the orc priest!
You hear some strange, mumbled words.
A magic dart appears from out of thin air!
The magic dart hits you but does no damage.
You barely miss something. You slash the orc!
You kill the orc!
You slash something!
Reactivating autopickup.
You feel a bit more experienced. Something hits you!
* * * LOW HITPOINT WARNING * * *
Deactivating autopickup; reactivate with Ctrl-A.
Your life force feels restored.
Your Armour skill increases to level 4!
You have reached level 5!
You feel stronger.
You miss something. Something hits you.
* * * LOW HITPOINT WARNING * * *
You barely miss something.
An endoplasm comes into view.
Something hits you but does no damage.
You hit something.
You hear some strange, mumbled words.
A puff of flame appears from out of thin air!
The puff of flame hits you.
* * * LOW HITPOINT WARNING * * *
You miss something.
You hear some strange, mumbled words.
You are confused.
You miss something. Something hits you.
* * * LOW HITPOINT WARNING * * *
You hear some strange, mumbled words.
You are more confused.
Items here: )) ? [[.
You bump into the rock wall.
Something hits you!
* * * LOW HITPOINT WARNING * * *
You bump into the rock wall.
It was a potion of curing.
You feel better. Something hits you!
You die...

. ... .......
..###. .#.......
@.... .........
#..##....>....
##....#........
#..J...........
#{##...#.....
..#####)###........
......)@..........#
#......##...#.....#
##......###).......
#.###.............
.. ##..####....#. #
##..##..#....
##....###...
#####..### |..
#.......# ..


You could see an endoplasm.

Vanquished Creatures
  An orc priest (D:3)
  An orc wizard (D:3)
  Robin (D:2)
  2 worms
  A dart slug (D:2)
  An orc (D:3)
  4 endoplasms
  2 giant cockroaches
  10 goblins
  6 hobgoblins
  2 jackals (D:2)
  3 quokkas
  4 ball pythons
  6 bats
  9 kobolds
  2 rats
55 creatures vanquished.

Notes
Turn   | Place    | Note
-------+----------+-------------------------------------------
     0 | D:1      | Eitelfritz the Hill Orc Fighter began the quest for the
                  | Orb.
     0 | D:1      | Reached XP level 1. HP: 19/19 MP: 1/1
   196 | D:1      | Reached XP level 2. HP: 22/27 MP: 2/2
   449 | D:2      | Reached XP level 3. HP: 15/33 MP: 3/3
   856 | D:2      | Noticed Robin
   884 | D:2      | Killed Robin
   885 | D:2      | Reached XP level 4. HP: 16/40 MP: 4/4
  1100 | D:3      | Noticed Sigmund
  1126 | D:3      | Reached XP level 5. HP: 14/47 MP: 5/5
  1132 | D:3      | HP: 1/47 [something (8)]
  1134 | D:3      | Slain by Sigmund

Illustrated notes

Levels and vault maps discovered:
D:1:      scummos_arrival_gate, layout_rooms
D:2:      layout_rooms, kennysheep_crisscross, uniq_robin
D:3:      layout_rooms, serial_shops, nicolae_shop_back_alley_shop, uniq_sigmund

Skill      XL: |  1  2  3  4 |
---------------+-------------+-----
Fighting       | 4 |  4.4
Axes           | 3 4 |  4.7
Armour         | 4 |  4.0
Dodging        | |  0.6
Shields        | |  3.8

Action                     |  1- 3 |  4- 6 || total
---------------------------+-------+-------++-------
  Melee: War axe           |   127 |    27 ||   154
    Use: Potion            |       |     2 ||     2
 Armour: Scale mail        |    47 |       ||    47
         Plate armour      |    61 |    31 ||    92
  Dodge: Dodged            |    68 |     3 ||    71
  Block: Buckler           |    32 |     5 ||    37
